 Dungeon Crawl Stone Soup version 0.19.4-9-g45fd643 (webtiles) character file.

9023 galech the Basher (level 11, -8/118 HPs)
             Began as an Ogre Fighter on Feb 16, 2017.
             Was an Elder of Makhleb.
             Mangled by an orc knight
             ... wielding a +0 great mace
              (21 damage)
             ... on level 10 of the Dungeon.
             The game lasted 00:30:55 (11816 turns).

galech the Basher (Ogre Fighter)                   Turns: 11816, Time: 00:30:55

Health: -8/118     AC:  8    Str: 24    XL:     11   Next: 40%
Magic:  11/11      EV: 17    Int:  7    God:    Makhleb [****..]
Gold:   384        SH: 11    Dex:  9    Spells: 0 memorised, 10 levels left

rFire  . . .     SeeInvis +     m - +5 mace (venom)
rCold  . . .     Gourm    .     Z - +0 steam dragon scales
rNeg   + . .     Faith    .     c - +0 shield
rPois  +         Spirit   .     (helmet restricted)
rElec  .         Reflect  .     t - +1 cloak {rPois}
rCorr  .         Harm     .     (gloves unavailable)
MR     +....                    (boots unavailable)
Stlth  ++........               (no amulet)
                                w - +5 ring of evasion
                                Y - ring of positive energy

@: very slightly contaminated
A: unfitting armour, claws 1, see invisible, slow regeneration 1, tough skin 1,
weak 1, MP-powered wands
a: Minor Destruction, Lesser Servant of Makhleb, Major Destruction, Renounce
Religion


You were on level 10 of the Dungeon.
You worshipped Makhleb.
Makhleb was greatly pleased with you.
You were not hungry.

You visited 3 branches of the dungeon, and saw 12 of its levels.
You also visited: Ossuary.

You collected 768 gold pieces.
You spent 384 gold pieces at shops.

Inventory:

Hand Weapons
 a - a +0 flail
 m - a +5 mace of venom (weapon)
 G - a +1 flail of crushing
 Q - a +3 mace of protection
 R - a +0 giant spiked club
Armour
 b - a +0 robe
 c - a +0 shield (worn)
 t - a +1 cloak of poison resistance (worn)
 O - a +2 robe of cold resistance
 Z - +0 steam dragon scales (worn)
Jewellery
 p - an uncursed ring of poison resistance
 w - a +5 ring of evasion (right claw)
 y - an uncursed ring of positive energy
 H - an uncursed ring of magical power
 I - a +1 ring of evasion
 Y - a ring of positive energy (left claw)
Wands
 l - a wand of flame (29/48)
 J - a wand of hasting (7/9)
Scrolls
 e - 8 scrolls of remove curse
 h - a scroll of holy word
 i - 3 scrolls of enchant armour
 r - 2 scrolls of amnesia
 u - a scroll of fear {unknown}
 z - a scroll of vulnerability {unknown}
 A - 2 scrolls of blinking
 F - a scroll of fog
 L - a scroll of magic mapping
 N - 4 scrolls of summoning
 P - 2 scrolls of recharging
Potions
 d - 2 potions of might
 j - 2 potions of lignification
 n - 2 potions of agility
 o - a potion of cancellation
 q - 2 potions of flight
 s - a potion of cure mutation
 x - a potion of degeneration {unknown}
 B - a potion of experience {unknown}
 C - a potion of resistance {unknown}
 E - 6 potions of curing
 K - 3 potions of ambrosia {unknown}
 M - 2 potions of invisibility {unknown}
 U - a potion of haste {unknown}
Comestibles
 f - 10 bread rations
 g - 7 fruits
 k - 7 meat rations
 D - 6 chunks of flesh
 W - a royal jelly


   Skills:
 + Level 10.2 Fighting
 + Level 13.2 Maces & Flails
 + Level 7.6 Dodging
 + Level 3.2 Stealth
 + Level 8.2 Shields


You had 10 spell levels left.
You didn't know any spells.

Dungeon Overview and Level Annotations

Branches:
Dungeon (10/15)            Temple (1/1) D:5             Orc (1/2) D:10
   Lair: D:8-11

Altars:
Ashenzari
Dithmenos
Elyvilon
Fedhas
Gozag
Hepliaklqana
Kikubaaqudgha
Makhleb
Nemelex Xobeh
Okawaru
Qazlal
Ru
Sif Muna
Trog
Uskayaw
Vehumet
Xom
Yredelemnul
The Shining One

Shops:
D:6 }[[*(   D:7 :   D:8 ?   D:10 %


Innate Abilities, Weirdness & Mutations

You are too large for most types of armour.
You have tough skin. (AC +1)
You have sharp fingernails.
You have supernaturally acute eyesight. (SInv)
You regenerate slowly when monsters are visible.
You are weak. (Str -2)
You expend magic power (3 MP) to strengthen your wands.


Message History

The orc knight roars a battlecry!
The orc warrior goes into a battle-frenzy!
You sock the orc knight!
The orc knight looks as sick as possible!
The orc knight is heavily wounded.
You block the orc warrior's attack. You block the orc knight's attack.
You hit the orc knight but do no damage.
The orc knight is severely wounded.
The orc warrior hits you from afar with a trident!
You closely miss the orc knight.
The orc knight is severely wounded.
The orc warrior no longer looks unusually strong.
The orc knight roars a battlecry!
The orc warrior goes into a battle-frenzy!
You hit the orc knight but do no damage.
The orc knight is severely wounded.
The orc warrior hits you from afar with a trident!!
* * * LOW HITPOINT WARNING * * *
The orc knight hits you with a great mace!!
You die...

⌠#⌠#.###...##.###.....#.#.#...###
≈#####...#....#....#..#....##.##.
≈##....#.#.#..##.#.##..#.o.#.#.#.
≈⌠.###.#.#....##.##..#.##).....##
..## #.#.#....##.##.#..#oo#.#..#.
#.####.#......##.##.##..[[###..#.
≈#.#..........##.#.#.#o.#.##.....
.≈####(##........#.#..o.).###..#.
#.# ##'##.....#.@###o..#.##)#.#.#
≈## #.....##..###oooo..###.)..###
#####.....##..# #O#######.##.#.#.
#.........##..####### #########
####..........#.#.#.# #......
..................#.# #...?..
#.#.........##.##.#.# #######
#.........#.........# #########.#
#.#.....#.#.###.#.#####..........


You could see an orc knight, 3 orc warriors and an ogre.

Vanquished Creatures
  Fannar (D:10)
  Urug (D:10)
  Pikel (D:6)
  Psyche (D:10)
  2 centaur skeletons
  A merfolk (D:9)
  A two-headed ogre (D:8)
  A hippogriff (D:7)
  A yak (D:10)
  A wyvern (D:8)
  Eustachio (D:6)
  A steam dragon (D:10)
  A water moccasin (D:8)
  A warg (D:10)
  3 ice beasts
  6 orc warriors
  A sky beast (D:4)
  A black bear (D:7)
  A necrophage (D:10)
  7 ogres
  3 centaurs
  The ghost of Kosschaser the Shooter, an amateur HEAM (D:4)
  A big kobold (D:10)
  9 bullfrogs
  2 water moccasin zombies
  3 wyvern zombies
  2 wyvern skeletons (D:8)
  3 scorpions
  5 killer bees (D:7)
  2 howler monkeys
  5 crimson imps
  A quasit (D:7)
  5 jellies
  Crazy Yiuf (D:2)
  2 gnoll shamans (D:7)
  3 orc priests
  2 bullfrog skeletons
  5 hounds
  12 orc wizards
  An iguana (D:6)
  6 worker ants
  A killer bee zombie (D:7)
  A big kobold zombie (Ossuary)
  3 hound skeletons
  9 mummies
  14 gnolls
  A howler monkey zombie (D:7)
  9 adders
  2 shadow imps
  4 dart slugs
  5 leopard geckos
  36 orcs
  2 ball pythons
  7 giant cockroaches
  3 gnoll zombies (Ossuary)
  11 goblins
  10 hobgoblins
  5 jackals
  2 quokkas
  10 bats
  8 frilled lizards
  2 goblin zombies (D:8)
  A hobgoblin zombie (Ossuary)
  A jackal skeleton (D:9)
  9 kobolds
  2 kobold zombies (Ossuary)
  An orc zombie (Ossuary)
  9 rats
276 creatures vanquished.

Vanquished Creatures (others)
  A sky beast (D:6)
  An iguana (D:6)
  A goblin (D:10)
3 creatures vanquished.

Grand Total: 279 creatures vanquished

Notes
Turn   | Place    | Note
-------+----------+-------------------------------------------
     0 | D:1      | galech the Ogre Fighter began the quest for the Orb.
     0 | D:1      | Reached XP level 1. HP: 24/24 MP: 1/1
   102 | D:1      | Reached XP level 2. HP: 20/33 MP: 2/2
   452 | D:1      | Reached skill level 3 in Maces & Flails
   514 | D:1      | Reached XP level 3. HP: 38/40 MP: 3/3
  1189 | D:2      | Reached XP level 4. HP: 32/49 MP: 4/4
  1405 | D:2      | Found a runed door.
  1409 | D:2      | Noticed Crazy Yiuf
  1418 | D:2      | Killed Crazy Yiuf
  1418 | D:2      | Reached skill level 4 in Maces & Flails
  1461 | D:2      | Found a faded altar of an unknown god.
  1461 | D:2      | Found a faded altar of an unknown god.
  1468 | D:2      | Found a faded altar of an unknown god.
  1470 | D:2      | Found a hide-covered altar of Uskayaw.
  1471 | D:2      | Found a faded altar of an unknown god.
  1763 | D:2      | Found a sacrificial altar of Ru.
  1773 | D:2      | Reached XP level 5. HP: 55/55 MP: 5/5
  2498 | D:3      | Found a blossoming altar of Fedhas.
  2498 | D:3      | Found a bloodstained altar of Trog.
  2696 | D:4      | Reached skill level 5 in Fighting
  2696 | D:4      | Reached skill level 5 in Maces & Flails
  2765 | D:4      | Noticed Kosschaser's ghost (amateur HEAM)
  2783 | D:4      | Killed Kosschaser's ghost
  2783 | D:4      | Reached XP level 6. HP: 29/66 MP: 6/6
  3097 | D:4      | Noticed a sky beast
  3107 | D:4      | Killed a sky beast
  3107 | D:4      | Reached skill level 6 in Maces & Flails
  3123 | D:4      | Gained mutation: You are weak. (Str -2) [mutagenic meat]
  3124 | D:4      | Gained mutation: You expend magic power (3 MP) to strengthen your wands. [mutagenic meat]
  3125 | D:4      | Gained mutation: You have supernaturally acute eyesight. (SInv) [mutagenic meat]
  3126 | D:4      | Gained mutation: You have sharp fingernails. [mutagenic meat]
  3127 | D:4      | Gained mutation: You regenerate slowly when monsters are visible. [mutagenic meat]
  3381 | D:4      | Reached XP level 7. HP: 72/72 MP: 7/7
  3551 | D:5      | Entered Level 5 of the Dungeon
  3656 | D:5      | Reached skill level 7 in Maces & Flails
  3799 | D:5      | Found a staircase to the Ecumenical Temple.
  3808 | Temple   | Entered the Ecumenical Temple
  3970 | Temple   | Became a worshipper of Makhleb the Destroyer
  4338 | D:6      | Noticed Eustachio
  4354 | D:6      | Reached skill level 8 in Maces & Flails
  4732 | D:6      | Killed Eustachio
  4732 | D:6      | Reached XP level 8. HP: 76/83 MP: 8/8
  4861 | D:6      | Found Opeimeso's Antique Armour Shop.
  5018 | D:6      | Reached skill level 9 in Maces & Flails
  5056 | D:6      | Noticed Pikel
  5078 | D:6      | Killed Pikel
  5078 | D:6      | Reached skill level 5 in Dodging
  5078 | D:6      | Reached skill level 1 in Stealth
  5078 | D:6      | Reached skill level 5 in Shields
  5078 | D:6      | Reached XP level 9. HP: 26/93 MP: 9/9
  5387 | D:6      | Found Qier Exi's Weapon Boutique.
  5478 | D:6      | Found Dapejar's Antique Armour Shop.
  5487 | D:6      | Found Maytha Erro's General Store.
  5710 | D:6      | Found Wushaugi's Gadget Shoppe.
  5846 | D:7      | Found Denur's Book Shoppe.
  6046 | D:6      | Reached * piety under Makhleb
  6326 | D:7      | Reached skill level 10 in Maces & Flails
  7408 | D:7      | Reached skill level 11 in Maces & Flails
  7517 | D:7      | Reached XP level 10. HP: 98/105 MP: 10/10
  8033 | D:8      | Found Ciraif's Magic Scroll Emporium.
  8037 | D:8      | Bought a scroll of identify for 22 gold pieces
  8037 | D:8      | Bought a scroll of brand weapon for 220 gold pieces
  8037 | D:8      | Bought a scroll of magic mapping for 38 gold pieces
  8037 | D:8      | Bought a scroll of magic mapping for 38 gold pieces
  8037 | D:8      | Bought a scroll of identify for 22 gold pieces
  8069 | D:8      | Found a sand-covered staircase.
  8075 | Ossuary  | Entered an ossuary
  8148 | Ossuary  | Reached ** piety under Makhleb
  8345 | D:8      | Bought a scroll of identify for 22 gold pieces
  8345 | D:8      | Bought a scroll of identify for 22 gold pieces
  9317 | D:9      | Reached *** piety under Makhleb
  9438 | D:9      | Reached skill level 12 in Maces & Flails
  9837 | D:10     | Entered Level 10 of the Dungeon
  9837 | D:10     | Found Dotall's Food Emporium.
 10194 | D:10     | Noticed Psyche
 10204 | D:10     | Killed Psyche
 10225 | D:10     | Noticed Fannar
 10234 | D:10     | Noticed Urug
 10484 | D:10     | Killed Fannar
 10484 | D:10     | Reached XP level 11. HP: 62/117 MP: 11/11
 10568 | D:10     | Killed Urug
 10568 | D:10     | Reached skill level 10 in Fighting
 10568 | D:10     | Reached skill level 13 in Maces & Flails
 10789 | D:10     | Reached **** piety under Makhleb
 10960 | D:10     | Found a staircase to the Orcish Mines.
 11178 | D:10     | Found a shimmering altar of Xom.
 11628 | Orc:1    | Entered Level 1 of the Orcish Mines
 11630 | Orc:1    | Noticed an orc knight
 11816 | D:10     | Mangled by an orc knight

Skill      XL: |  1  2  3  4  5  6  7  8  9 10 11 |
---------------+----------------------------------+-----
Shields        | 3 4 5 6 7 8 |  8.2
Maces & Flails | 3 4 5 6 8 9 11 12 13 | 13.2
Dodging        | 3 4 5 6 7 |  7.6
Fighting       | 5 6 7 8 9 10 | 10.2
Stealth        | 1 2 3 |  3.2

Action                   |  1- 3 |  4- 6 |  7- 9 | 10-12 || total
-------------------------+-------+-------+-------+-------++-------
Melee: Flail             |    48 |       |       |       ||    48
       Mace              |    60 |   136 |   340 |   482 ||  1018
  Use: Scroll            |       |     1 |    13 |    14 ||    28
       Potion            |       |       |     4 |     3 ||     7
 Stab: Sleeping          |       |       |     2 |     8 ||    10
       Distracted        |       |       |       |     1 ||     1
  Eat: Chunk             |     1 |    12 |    12 |    15 ||    40
       Beef jerky        |       |       |     1 |       ||     1
Armor: Robe              |    39 |    36 |    76 |    16 ||   167
       Steam dragon scal |       |       |       |    19 ||    19
Dodge: Dodged            |    39 |    50 |   283 |   223 ||   595
Block: Shield            |    65 |    57 |   235 |   213 ||   570
